 Dungeon Crawl Stone Soup version 0.17.1-3-g152610e (webtiles) character file.

209 manyhoops the Ducker (level 5, -9/39 HPs)
             Began as a Merfolk Gladiator on Apr 5, 2016.
             Killed from afar by an orc wizard (10 damage)
             ... with a puff of flame
             ... on level 4 of the Dungeon.
             The game lasted 00:06:16 (3049 turns).

manyhoops the Ducker (Merfolk Gladiator)            Turns: 3049, Time: 00:06:17

Health: -9/39      AC:  8    Str: 15    XL:     5   Next: 87%
Magic:  5/5        EV: 14    Int:  8    God:
Gold:   200        SH:  0    Dex: 15    Spells: 0 memorised, 4 levels left

rFire  . . .     SeeInvis .     a - +0 trident
rCold  . . .     Clarity  .     r - +0 ring mail
rNeg   . . .     SustAt   .     (no shield)
rPois  .         Gourm    .     c - +2 helmet
rElec  .         Spirit   .     (no cloak)
rCorr  .         Warding  .     (no gloves)
rMut   .         Stasis   .     (no boots)
MR     .....                    (no amulet)
Stlth  +.........               (no ring)
                                (no ring)

@: very slightly contaminated, not resistant to hostile enchantments, very
unstealthy
A: change form in water, swift swim
a: no special abilities


You were on level 4 of the Dungeon.
You were not hungry.

You visited 1 branch of the dungeon, and saw 4 of its levels.

You collected 200 gold pieces.

Inventory:

Hand Weapons
 a - a +0 trident (weapon)
Missiles
 d - 3 throwing nets (quivered)
Armour
 b - a +0 leather armour
 c - a +2 helmet (worn)
 r - a +0 ring mail (worn)
Jewellery
 h - an uncursed amulet of regeneration {unknown}
Scrolls
 g - a scroll of recharging {unknown}
 l - a scroll of enchant armour
 m - a scroll of teleportation
 n - 5 scrolls of remove curse
 t - a scroll of magic mapping {unknown}
 v - a scroll of fog {unknown}
 x - a scroll of random uselessness {unknown}
 y - a scroll of fear {unknown}
 z - a scroll of enchant weapon {unknown}
Potions
 i - a potion of resistance {unknown}
 j - 2 potions of curing {unknown}
 k - 2 potions of heal wounds
 p - 3 potions of invisibility {unknown}
 u - a potion of cure mutation {unknown}
 w - a potion of degeneration {unknown}
Comestibles
 e - a bread ration
 o - 2 meat rations
 q - a beef jerky
 s - a slice of pizza


   Skills:
 - Level 2.6 Fighting
 - Level 5.2 Polearms
 - Level 2.0 Throwing
 - Level 0.1 Armour
 * Level 7.2 Dodging
 - Level 1.9 Stealth


You had 4 spell levels left.
You didn't know any spells.

Dungeon Overview and Level Annotations

Branches:
Dungeon (4/15)
 Temple: D:4-7

Altars:
Ru
Yredelemnul


Message History

You feel less confused. Something barely misses you.
You closely miss something. Something hits you but does no damage.
Blink to where?
Press: ? - help, Dir - move target cursor You are very lightly contaminated with residual magic.
As you read the scroll of blinking, it crumbles to dust.
An orc wizard appears from thin air!
Reactivating autopickup.
The orc wizard casts a spell at you. The magic dart hits you!
* * * LOW HITPOINT WARNING * * *
Blink to where?
Press: ? - help, Dir - move target cursor
As you read the scroll of blinking, it crumbles to dust.
Eat which item? (? for menu, Esc to quit)
You continue eating. x2
The orc wizard points at you and mumbles some strange words.
The puff of flame hits you!
You die...

##..## #...# ##o# ##
#....###...# #)##
.#####.....#...## ##.#
....#...)..#...# #.o#
##.........#...# ##..##
###....[.#....# ##....##
##..........# ##......##
#..........###..#.....##
#.|..##.....@..###.....##
#....###..###...###.....#
#...###..##
##...###....## #.####..##
##...####...# ### #..##
#...# ##.## ##..# #..#
### ##..## #..# ###...##
#.. #......# #.


You could see an orc wizard.

Vanquished Creatures
  An orc priest (D:4)
  A giant frog zombie (D:3)
  Terence (D:2)
  An adder (D:2)
  2 oozes
  4 worms
  3 giant geckos
  8 orcs
  5 hobgoblins
  17 jackals
  2 quokkas (D:3)
  6 bats
  3 giant cockroaches
  4 giant newts
  2 gnoll zombies (D:3)
  6 goblins
  6 kobolds
  14 rats
86 creatures vanquished.

Notes
Turn   | Place    | Note
--------------------------------------------------------------
     0 | D:1      | manyhoops the Merfolk Gladiator began the quest for the Orb.
     0 | D:1      | Reached XP level 1. HP: 16/16 MP: 1/1
   116 | D:1      | Reached XP level 2. HP: 16/22 MP: 2/2
   704 | D:2      | Reached skill level 1 in Stealth
   704 | D:2      | Reached XP level 3. HP: 21/28 MP: 3/3
   941 | D:2      | Reached skill level 5 in Dodging
  1004 | D:2      | Noticed Terence
  1034 | D:2      | Killed Terence
  1034 | D:2      | Reached XP level 4. HP: 20/34 MP: 4/4
  1421 | D:2      | Reached skill level 5 in Polearms
  2333 | D:3      | Reached skill level 6 in Dodging
  2333 | D:3      | Reached XP level 5. HP: 34/39 MP: 5/5
  2379 | D:3      | Found a sacrificial altar of Ru.
  2469 | D:3      | Found a basalt altar of Yredelemnul.
  3007 | D:4      | Reached skill level 7 in Dodging
  3045 | D:4      | HP: 1/39 [orc wizard/magic dart (4)]
  3049 | D:4      | Killed from afar by an orc wizard

Action                   |  1- 3 |  4- 6 || total
-------------------------+-------+-------++-------
Melee: Trident           |   132 |   220 ||   352
  Use: Scroll            |     3 |     5 ||     8
       Potion            |     1 |       ||     1
 Stab: Sleeping          |     3 |     3 ||     6
  Eat: Bread ration      |       |     2 ||     2
       Chunk             |       |     1 ||     1
